 Dungeon Crawl Stone Soup version 0.18.1-48-g4cf74bf (webtiles) character file.

107 HolyGrifer the Ruffian (level 4, -8/37 HPs)
             Began as a Ghoul Gladiator on Aug 14, 2016.
             Was an Initiate of Dithmenos.
             Mangled by a gnoll
             ... wielding a +0 flail
              (11 damage)
             ... on level 3 of the Dungeon on Aug 16, 2016.
             The game lasted 00:21:14 (1718 turns).

HolyGrifer the Ruffian (Ghoul Gladiator)            Turns: 1718, Time: 00:21:15

Health: -8/37      AC:  7    Str: 18    XL:     4   Next: 86%
Magic:  3/3        EV: 12    Int:  3    God:    Dithmenos [......]
Gold:   102        SH:  0    Dex: 10    Spells: 0 memorised, 3 levels left

rFire  . . .     SeeInvis .       - Unarmed
rCold  + . .     Gourm    +     a - +0 leather armour
rNeg   + + +     Faith    .     (no shield)
rPois  ∞         Spirit   .     b - +0 helmet
rElec  .         Dismiss  .     w - +0 cloak
rCorr  .         Reflect  .     (no gloves)
SustAt .         Harm     .     t - +1 pair of boots {Fly}
MR     .....                    r - amulet of the gourmand
Stlth  +.........               (no ring)
                                (no ring)

@: flying, rotting, not resistant to hostile enchantments, very unstealthy
A: rotting body, claws 1, carnivore 3, cold resistance 1, negative energy
resistance 3, slow regeneration 1, torment resistance, unbreathing
a: Renounce Religion, Stop Flying


You were on level 3 of the Dungeon.
You worshipped Dithmenos.
Dithmenos was noncommittal.
You were not hungry.

You visited 1 branch of the dungeon, and saw 3 of its levels.

You collected 102 gold pieces.

Inventory:

Hand Weapons
 e - a +0 dagger
Missiles
 c - 3 throwing nets
 g - 89 stones (quivered)
 i - 7 needles of confusion
 s - 58 bolts
 y - 13 sling bullets
 E - 7 poisoned needles
 F - 23 arrows
Armour
 a - a +0 leather armour (worn)
 b - a +0 helmet (worn)
 j - a +0 chain mail
 m - a +0 pair of boots
 n - a +0 leather armour
 t - a +1 pair of boots of flying (worn)
 w - a +0 cloak (worn)
 x - a cursed +0 robe
Jewellery
 r - an amulet of the gourmand (around neck)
Scrolls
 h - a scroll of random uselessness {unknown}
 k - 3 scrolls of identify
 o - a scroll of amnesia {unknown}
 C - a scroll of remove curse {unknown}
Potions
 f - a potion of haste {unknown}
 l - a potion of curing
 p - a potion of agility {unknown}
 q - a potion of flight {unknown}
 u - a potion of mutation {unknown}
 v - a potion of degeneration {unknown}
 z - 3 potions of lignification {unknown}
 A - a potion of cancellation {unknown}
 B - a potion of heal wounds {unknown}
Comestibles
 d - a meat ration
 D - 4 bread rations
 G - 5 chunks of flesh


   Skills:
 + Level 2.7 Fighting
 + Level 2.1 Throwing
 + Level 1.3 Armour
 + Level 3.7 Dodging
 + Level 0.2 Stealth
 + Level 3.8 Unarmed Combat


You had 3 spell levels left.
You didn't know any spells.

Dungeon Overview and Level Annotations

Branches:
Dungeon (3/15)

Altars:
Dithmenos
Kikubaaqudgha


Innate Abilities, Weirdness & Mutations

Your body is rotting away.
You thrive on raw meat.
You are immune to poison.
You have sharp fingernails.
You are carnivorous and can eat meat at any time.
Your flesh is cold resistant.
You are immune to negative energy.
You regenerate slowly when monsters are visible.
You are immune to unholy pain and torment.
You can survive without breathing.


Message History

The gnoll hits you but does no damage.
You claw the gnoll!
The gnoll is heavily wounded.
The gnoll hits you.
You barely miss the gnoll.
The gnoll is heavily wounded.
The gnoll hits you but does no damage. The gnoll closely misses you.
You barely miss the gnoll.
The gnoll is heavily wounded.
The gnoll hits you. The gnoll misses you.
You barely miss the gnoll.
The gnoll is heavily wounded.
The gnoll closely misses you. The gnoll hits you with a flail!
* * * LOW HITPOINT WARNING * * *
You scratch the gnoll.
The gnoll is almost dead.
The gnoll hits you.
* * * LOW HITPOINT WARNING * * *
The gnoll hits you with a flail!
You die...

# ... ...####..##. .## # ##.
### #.###. ..### ##. ...
#####.## ..... ..##.#
##.)....# ...... .....
.##......# ...... ...#
..##......##. ...... ..
..##.........<.... .....
#####.. #gg............##.
...####......
##@##........####
........#..# ##.†###.......#
..........####..........##.#
.........#.....#.###.... #.#
.................# ...
.................###....
........................
.................#######
.................#


You could see 2 gnolls.

Vanquished Creatures
  Jessica (D:3)
  2 gnolls (D:3)
  An adder (D:3)
  An ooze (D:1)
  A giant gecko (D:1)
  2 orcs (D:3)
  13 bats
  4 giant cockroaches (D:1)
  6 goblins
  A hobgoblin (D:1)
  3 jackals (D:3)
  A ball python (D:3)
  6 kobolds
  3 rats
45 creatures vanquished.

Notes
Turn   | Place    | Note
--------------------------------------------------------------
     0 | D:1      | HolyGrifer the Ghoul Gladiator began the quest for the Orb.
     0 | D:1      | Reached XP level 1. HP: 17/17 MP: 0/0
   204 | D:1      | Reached XP level 2. HP: 25/25 MP: 1/1
   664 | D:1      | Reached XP level 3. HP: 30/30 MP: 2/2
  1066 | D:2      | Found a shadowy altar of Dithmenos.
  1103 | D:2      | Became a worshipper of Dithmenos the Shadowed
  1477 | D:3      | Found an ancient bone altar of Kikubaaqudgha.
  1564 | D:3      | Reached skill level 1 in Armour
  1633 | D:3      | Reached XP level 4. HP: 37/37 MP: 3/3
  1670 | D:3      | Noticed Jessica
  1684 | D:3      | Killed Jessica
  1718 | D:3      | Mangled by a gnoll

Skill      XL: |  1  2  3 |
---------------+----------+-----
Throwing       | 2 |  2.1
Dodging        | 3 |  3.7
Armour         | 1 |  1.3
Fighting       | |  2.7
Stealth        | |  0.2
Unarmed Combat | |  3.8

Action                   |  1- 3 |  4- 6 || total
-------------------------+-------+-------++-------
Melee: Unarmed           |   107 |    25 ||   132
       Punch             |     2 |       ||     2
Throw: Throwing net      |     2 |       ||     2
       Stone             |    17 |       ||    17
  Use: Scroll            |     1 |       ||     1
  Eat: Chunk             |    19 |       ||    19
Armor: Leather armour    |    61 |     9 ||    70
Dodge: Dodged            |   142 |    18 ||   160
